 Dungeon Crawl Stone Soup version 0.21.1-1-g345015f (webtiles) character file.

119 Harpaggios the Insei (level 5, 0/26 HPs)
             Began as a Vine Stalker Transmuter on Mar 21, 2018.
             Slain by Grinder (2 damage)
             ... on level 3 of the Dungeon.
             The game lasted 00:22:56 (2820 turns).

Harpaggios the Insei (Vine Stalker Transmuter)      Turns: 2820, Time: 00:22:56

Health: 0/26       AC:  6    Str: 13    XL:     5   Next: 3%
Magic:  0/9        EV: 12    Int: 14    God:
Gold:   131        SH:  0    Dex: 14    Spells: 5/8 levels left

rFire    . . .     SeeInvis .     - Unarmed
rCold    . . .     Gourm    .   (no shield)
rNeg     + . .     Faith    .   n - +2 robe {rN+}
rPois    .         Spirit   +   (no helmet)
rElec    .         Reflect  .   o - +1 cloak
rCorr    .         Harm     .   (no gloves)
MR       .....                  (no boots)
Stlth    ++........             (no amulet)
HPRegen  0.48/turn              (no ring)
MPRegen  0.11/turn              (no ring)

@: appendage (expiring)
A: fangs 2, horns 2, regeneration 1, magic shield, antimagic bite, no potion
heal 3, rot immunity
a: End Transformation


You were on level 3 of the Dungeon.
You were not hungry.
You had grown temporary horns.
You visited 1 branch of the dungeon, and saw 3 of its levels.

You collected 131 gold pieces.

Inventory:

Missiles
 a - 9 arrows
 e - 72 stones (quivered)
Armour
 n - a +2 robe of positive energy (worn)
 o - a +1 cloak (worn)
Scrolls
 f - a scroll of magic mapping {unknown}
 g - a scroll of random uselessness {unknown}
 h - a scroll of fog
 i - 2 scrolls of fear
 j - a scroll of immolation {unknown}
 k - a scroll of remove curse {unknown}
 m - a scroll of blinking {unknown}
Potions
 b - a potion of curing {unknown}
Books
 c - a book of Changes

   Spells                             Type                      Level
   a - Beastly Appendage              Transmutation                1
   b - Sticks to Snakes               Transmutation                2
   c - Spider Form                    Transmutation/Poison         3
   d - Ice Form                       Ice/Transmutation            4
   e - Blade Hands                    Transmutation                5
Comestibles
 d - 7 rations
 l - 4 chunks of flesh


   Skills:
 + Level 2.0 Fighting
 - Level 1.5 Dodging
 + Level 2.4 Stealth
 + Level 3.6 Unarmed Combat
 - Level 2.1 Spellcasting
 * Level 3.4 Transmutations


You had 5 spell levels left.
You knew the following spells:

 Your Spells              Type           Power        Failure   Level  Hunger
a - Beastly Appendage     Tmut           ##....       5%          1    #......
b - Sticks to Snakes      Tmut           ##......     9%          2    ###....


Dungeon Overview and Level Annotations

Branches:
Dungeon (3/15)

Altars:

Annotations:
D:3 Grinder


Innate Abilities, Weirdness & Mutations

You have extremely sharp teeth.
Your natural rate of healing is unusually fast.
When hurt, damage is shared between your health and your magic reserves.
Your bite disrupts and absorbs the magic of your enemies.
Potions cannot restore your health.
You are immune to rotting.
You have a pair of horns on your head.


Message History

Grinder says, "Wait up."
Grinder falters for a moment.
A dart slug comes into view.
You barely miss Grinder.
Grinder is lightly wounded.
Grinder hits you!
You writhe in agony.
You barely miss Grinder.
Grinder is lightly wounded.
Grinder falters for a moment.
You hit Grinder but do no damage. You headbutt Grinder.
Grinder is moderately wounded.
You closely miss Grinder.
Grinder is moderately wounded.
Grinder hits you but does no damage.
You barely miss Grinder. You bite Grinder, but do no damage.
Grinder is moderately wounded.
Grinder hits you!
* * * LOW HITPOINT WARNING * * *
You writhe in agony.
You die...

####..###.# #.##..#.# #. #..#
#.# #.##..#.# #. #..# #.#
#.....#.# #. #..# #.#
#.##..#.####.
#..###.#########รท##..#......
#..##.#...........#.........
#....###.#######..#..#######
#.#.## ##.###........# #....#
#(w5@......##.#
#.###.#(#####.###.##... #.#
..# #.# #.###### #......# .
#.# ###$...# . #.# ....( . ..
#.# .#.. ## #.# #(( #.#


You could see Grinder and a dart slug.

Vanquished Creatures
  Jessica (D:2)
  An adder (D:3)
  An ooze (D:3)
  A worm (D:2)
  4 dart slugs
  2 leopard geckos
  An orc (D:3)
  5 giant cockroaches
  2 goblins (D:1)
  6 hobgoblins
  6 bats
  6 frilled lizards
  3 kobolds
  9 rats
  A plant (D:2)
49 creatures vanquished.

Vanquished Creatures (collateral kills)
  Crazy Yiuf (D:2)
1 creature vanquished.

Grand Total: 50 creatures vanquished

Notes
Turn   | Place    | Note
-------+----------+-------------------------------------------
     0 | D:1      | Harpaggios the Vine Stalker Transmuter began the quest for the Orb.
     0 | D:1      | Reached XP level 1. HP: 9/9 MP: 4/4
   125 | D:1      | Reached skill level 1 in Fighting
   291 | D:1      | Reached XP level 2. HP: 8/14 MP: 6/6
   546 | D:1      | Reached skill level 1 in Stealth
   804 | D:1      | Reached XP level 3. HP: 18/18 MP: 7/7
   817 | D:1      | Learned a level 2 spell: Sticks to Snakes
  1626 | D:2      | Noticed Jessica
  1640 | D:2      | Killed Jessica
  1640 | D:2      | Gained mutation: Your natural rate of healing is unusually fast. [Vine Stalker growth]
  1640 | D:2      | Reached XP level 4. HP: 10/23 MP: 4/8
  1921 | D:2      | Found a runed door.
  1925 | D:2      | Noticed Crazy Yiuf
  1932 | D:2      | Killed Crazy Yiuf
  2780 | D:3      | Reached XP level 5. HP: 26/26 MP: 7/9
  2800 | D:3      | Noticed Grinder
  2820 | D:3      | Slain by Grinder

Skill      XL: |  1  2  3  4 |
---------------+-------------+-----
Fighting       | 1 2 |  2.0
Stealth        | 1 2 |  2.4
Transmutations | 3 |  3.4
Dodging        | |  1.5
Unarmed Combat | |  3.6
Spellcasting   | |  2.1

Action                   |  1- 3 |  4- 6 || total
-------------------------+-------+-------++-------
Melee: Unarmed           |    79 |    91 ||   170
       Bite              |     9 |    37 ||    46
       Kick              |     3 |     5 ||     8
       Headbutt          |     2 |     2 ||     4
       Punch             |       |     3 ||     3
Throw: Stone             |    26 |    28 ||    54
 Cast: Beastly Appendage |     8 |     6 ||    14
       Sticks to Snakes  |       |     3 ||     3
  Use: Scroll            |     2 |     2 ||     4
 Stab: Sleeping          |     1 |     1 ||     2
  Eat: Chunk             |     2 |     5 ||     7
Armor: Robe              |    25 |    10 ||    35
Dodge: Dodged            |    70 |    14 ||    84
